 Dungeon Crawl Stone Soup version 0.30-a0-29-g142975f185 (webtiles) character file.

Game seed: 2499388806369554816

83 melkoren the Sneak (level 4, -1/24 HPs)
             Began as a Vampire Enchanter on Aug 26, 2022.
             Was a Believer of Cheibriados.
             Slain by a gnoll
             ... wielding a +0 spear
              (9 damage)
             ... on level 3 of the Dungeon.
             The game lasted 00:12:11 (2269 turns).

melkoren the Sneak (Vampire Enchanter)              Turns: 2269, Time: 00:12:11

Health: -1/24      AC:  3    Str:  9 (11) XL:     4   Next: 22%
Magic:  5/7        EV: 13    Int: 22 (23) God:    Cheibriados [**....]
Gold:   99         SH:  0    Dex: 17 (18) Spells: 2/7 levels left

rFire   . . .      SeeInvis +    a - +1 dagger
rCold   + + .      Faith    .    (no shield)
rNeg    + + +      Spirit   .    b - +1 robe
rPois   ∞          Reflect  .    (no helmet)
rElec   .          Harm     .    (no cloak)
rCorr   .          Rampage  .    (no gloves)
Will    .....                    (no boots)
Stlth   +++++.....               (no amulet)
HPRegen 0.00/turn                (no ring)
MPRegen 0.10/turn                (no ring)

@: bloodless, inhibited regen, very slow
A: bloodless, fangs 3, see invisible, vampiric 2, subdued magic 1
a: Bat Form, Revivify, Renounce Religion, Bend Time


You were on level 3 of the Dungeon.
You worshipped Cheibriados.
Cheibriados was pleased with you.
You visited 1 branch of the dungeon, and saw 3 of its levels.

You collected 99 gold pieces.


Innate Abilities, Weirdness & Mutations

You do not regenerate when monsters are visible.
You are frail without blood (-20% HP).
You can heal yourself when you bite living creatures.
You are immune to poison.
You have razor-sharp teeth.
You have supernaturally acute eyesight. (SInv)
You are afflicted with vampirism and can become a bat while bloodless.
Your spells are a little easier to cast, but a little less powerful.


   Skills:
 + Level 2.4 Short Blades
 + Level 3.0 Dodging
 + Level 5.5 Stealth
 - Level 2.0 Spellcasting
 + Level 5.3 Hexes


You had 2 spell levels left.
You knew the following spells:

 Your Spells              Type           Power      Damage    Failure   Level
c - Confusing Touch       Hex            19%        N/A       3%          3
e - Ensorcelled Hibernat  Hex/Ice        20%        N/A       5%          2

Your spell library contained the following spells:

 Spells                   Type           Power      Damage    Failure   Level
 Freeze                   Ice            4%         1d3       12%         1
 Tukima's Dance           Hex            19%        N/A       3%          3
 Dazzling Flash           Conj/Hex       20%        N/A       12%         3
 Frozen Ramparts          Ice            2%         1d1       34%         3
 Gell's Gravitas          Tloc           1%         N/A       34%         3
 Teleport Other           Tloc           1%         N/A       34%         3
 Hailstorm                Conj/Ice       1%         3d3       77%         4
 Dispersal                Tloc           0%         N/A       100%        6

Inventory:

Hand Weapons
 a - a +1 dagger (weapon)
Missiles
 d - 39 stones (quivered)
 i - 3 poisoned darts
 o - 6 boomerangs
Armour
 b - a +1 robe (worn)
 e - a +0 robe
   (You found it on level 3 of the Dungeon)
 g - a +0 leather armour
   (You found it on level 2 of the Dungeon)
 h - a +0 ring mail
   (You found it on level 2 of the Dungeon)
 p - a +0 ring mail
   (You found it on level 3 of the Dungeon)
 q - a +0 leather armour
   (You found it on level 3 of the Dungeon)
Wands
 k - a wand of flame (8)
   (You found it on level 2 of the Dungeon)
Scrolls
 l - a scroll of identify {@r1}
 n - a scroll of enchant weapon {unknown}
Potions
 c - a potion of invisibility
 f - a potion of attraction {unknown}
 j - 2 potions of resistance
 m - a potion of degeneration {unknown}

Dungeon Overview and Level Annotations

Branches:
Dungeon (3/15) Zot: 23957

Altars:
Cheibriados
Ru

Shops:
D:2

*
#.###.##..........####..........
##..##.#..#.....#.## ##.........
.##......#..#.....## ###...####
...#..##...##.#.#..# ##..#.#
##.#..>......g.....## ##.)##.#
.......#####.#gg....###..###.#
.#.....#####.##.g...#...## .#
.....#..#....###....#.###
#.#.........## #@#....#
#.###†##..#.# #.##..## #.#
#.##..#... #.##...# ..#
#..#..###..#.##.#.# .## ##.#..#
#........# ## ..#.# .####....
### #.<.# # #.#.#. ..#####.#.#
#. .# .......


You could see 4 gnolls.


Message History

Aiming: Ensorcelled Hibernation (safe; 6% risk of failure)
Press: ? - help, Shift-Dir - straight line, f - gnoll
Aim: a gnoll, wielding a +0 halberd (chance to affect: 52%)
The gnoll resists with significant effort.
The gnoll shouts!
The gnoll hits you but does no damage. 😨 MP[-2]
You lost 2 mp, and now have 2/7 mp.
Casting: Ensorcelled Hibernation (safe; 6% risk of failure)
Confirm with . or Enter, or press ? or * to list all spells.
Aiming: Ensorcelled Hibernation (safe; 6% risk of failure)
Press: ? - help, Shift-Dir - straight line, f/p - gnoll
Aim: a gnoll, wielding a +0 halberd (chance to affect: 52%)
The gnoll resists with significant effort.
The gnoll hits you with a +0 halberd!
* * * LOW HITPOINT WARNING * * *
A gnoll comes into view.
It is wielding a +0 spear. 😱 HP[-8] MP[-2]
You take 8 damage, and now have 4/24 hp.
MASSIVE DAMAGE!! (PAUSE)
You lost 2 mp, and now have 0/7 mp.
Casting: Ensorcelled Hibernation (safe; 6% risk of failure)
Confirm with . or Enter, or press ? or * to list all spells.
You don't have enough magic to cast this spell.
Okay, then.
As you read the scroll labelled BUBE VOINWORCH, it crumbles to dust.
It is a scroll of identify.
e - a scroll of teleportation The gnoll hits you with a +0 halberd.
* * * LOW HITPOINT WARNING * * *
😱 HP[-2] MP[+1]
You take 2 damage, and now have 2/24 hp.
As you read the scroll of teleportation {@r4}, it crumbles to dust.
You feel strangely unstable. The gnoll closely misses you.
The gnoll closely misses you.
Your surroundings suddenly seem different.
An adder and a hobgoblin come into view.
The helpless adder fails to defend itself.
You bite the adder, and draw its blood!
You feel better.
You impale the adder!!
You kill the adder!
Cheibriados thoroughly appreciates the change of pace.
You feel your intelligence returning. 😱 HP[+4]
You regained 4 hp, and now have 6/24 hp.
The helpless hobgoblin fails to defend itself.
You bite the hobgoblin, and draw its blood!
You feel better.
You impale the hobgoblin!!
You kill the hobgoblin!
Cheibriados appreciates the change of pace. 😨 HP[+4]
You regained 4 hp, and now have 10/24 hp.
You start resting. 😮 HP[+4] MP[+6]
You regained 4 hp, and now have 14/24 hp.
Your mp is fully restored (7).
You start resting. 😎 HP[+10]
Your hp is fully restored (24).
You now have 92 gold pieces (gained 12).
You now have 99 gold pieces (gained 7).
e - a +0 robe You see here a +0 mace.
A gnoll comes into view. It is wielding a +0 spear.
The gnoll shouts!
You hear a shout!
The gnoll shouts!
The gnoll hits you from afar with a +0 spear!
The gnoll misses you. 😮 HP[-9]
You take 9 damage, and now have 15/24 hp.
MASSIVE DAMAGE!! (PAUSE)
Casting: Ensorcelled Hibernation (safe; 5% risk of failure)
Confirm with . or Enter, or press ? or * to list all spells.
The spell is quite dangerous to miscast (3% risk of failure)!
Continue anyway?
Okay, then.
Casting: Confusing Touch (quite dangerous; 3% risk of failure)
Confirm with . or Enter, or press ? or * to list all spells.
Okay, then.
The gnoll hits you with a +0 spear.
* * * LOW HITPOINT WARNING * * *
The gnoll completely misses you. 😨 HP[-3]
You take 3 damage, and now have 12/24 hp.
Casting: Confusing Touch (quite dangerous; 3% risk of failure)
Confirm with . or Enter, or press ? or * to list all spells.
Aiming: Ensorcelled Hibernation (safe; 5% risk of failure)
Press: ? - help, Shift-Dir - straight line, f/p - gnoll
Aim: a gnoll, wielding a +0 halberd (wandering, hasn't noticed you, chance to affect: 52%)
The gnoll looks drowsy...
The gnoll hits you but does no damage. 😨 MP[-2]
You lost 2 mp, and now have 5/7 mp.
The gnoll hits you from afar with a +0 spear.
* * * LOW HITPOINT WARNING * * *
The gnoll completely misses you.
The gnoll shouts! 😨 HP[-4]
You take 4 damage, and now have 8/24 hp.
The gnoll completely misses you.
The gnoll hits you from afar with a +0 spear!
You die...

Skill      XL: |  1  2  3 |
---------------+----------+-----
Stealth        | 5 |  5.5
Short Blades   | 2 |  2.4
Hexes          | 5 |  5.3
Dodging        | 3 |  3.0
Spellcasting   | |  2.0

Action                   |  1- 3 |  4- 6 || total
-------------------------+-------+-------++-------
Melee: Dagger            |   123 |     2 ||   125
       Bite              |     7 |       ||     7
       Punch             |     1 |       ||     1
 Cast: Ensorcelled Hiber |    14 |     3 ||    17
 Abil: Exsanguinate      |     1 |       ||     1
       End Transformatio |     1 |       ||     1
       Bat Form          |     1 |       ||     1
  Use: Potion            |     3 |       ||     3
       Scroll            |     4 |     2 ||     6
 Stab: Sleeping          |    27 |     2 ||    29
       Invisible         |     1 |       ||     1
       Distracted        |     1 |       ||     1
Armor: Robe              |    29 |     2 ||    31
Dodge: Dodged            |    71 |     7 ||    78

Levels and vault maps discovered:
D:1:      heliophobic_arrival_ceremonial_halls, layout_basic,
          shapermc_ecumenical_altar_ellora
D:2:      layout_loops_cross, serial_shops, nicolae_shop_behind_doors,
          basic_altar, minmay_misc_feat_tower
D:3:      layout_rooms, marbit_many_paths

Notes
Turn   | Place    | Note
-------+----------+-------------------------------------------
     0 | D:1      | melkoren the Vampire Enchanter began the quest for the Orb.
     0 | D:1      | Reached XP level 1. HP: 13/13 MP: 3/3
     0 | D:1      | magus.rc [v1.11.3]
    24 | D:1      | You add the spells Gell's Gravitas, Teleport Other and
                  | Dispersal to your library.
   160 | D:1      | Reached XP level 2. HP: 19/19 MP: 5/5
   163 | D:1      | Learned a level 2 spell: Ensorcelled Hibernation
   840 | D:1      | Found a faded altar of an unknown god.
   896 | D:1      | Prayed at the altar of an unknown god.
   896 | D:1      | Became a worshipper of Cheibriados the Contemplative
   896 | D:1      | Reached * piety under Cheibriados
   988 | D:2      | Found a sacrificial altar of Ru.
  1021 | D:2      | Found Lued's Assorted Antiques.
  1110 | D:2      | Reached skill level 5 in Stealth
  1110 | D:2      | Gained mutation: You are afflicted with vampirism and can
                  | become a bat while bloodless. [Vampire growth]
  1110 | D:2      | Reached XP level 3. HP: 15/19 MP: 6/6
  1232 | D:2      | Gained mutation: Your spells are a little easier to cast,
                  | but a little less powerful. [potion of mutation]
  1299 | D:2      | Reached skill level 2 in Short Blades
  1415 | D:2      | Reached skill level 5 in Hexes
  1420 | D:2      | You pick up a book of Frost and begin reading...
  1420 | D:2      | You add the spells Freeze, Frozen Ramparts and Hailstorm to
                  | your library.
  1865 | D:3      | Learned a level 3 spell: Confusing Touch
  1895 | D:3      | Reached ** piety under Cheibriados
  2053 | D:3      | Reached skill level 3 in Dodging
  2053 | D:3      | Reached XP level 4. HP: 22/24 MP: 4/7
  2057 | D:3      | HP: 4/24 [gnoll/+0 halberd (8)]
  2269 | D:3      | Slain by a gnoll

Vanquished Creatures
  3 adders
  2 worms (D:3)
  An orc (D:3)
  6 bats
  8 endoplasms
  2 giant cockroaches (D:1)
  2 goblins (D:2)
  4 hobgoblins
  5 kobolds
  2 quokkas (D:1)
  6 ball pythons
  3 frilled lizards
  6 rats
50 creatures vanquished.

Vanquished Creatures (others)
  2 fungi (D:1)
2 creatures vanquished.

Grand Total: 52 creatures vanquished

Table legend:
 A = Non-vault XP
 B = Vault XP
 C = Vault XP percentage of total XP
 D = Non-vault monster count
 E = Vault monster count
 F = Vault count percentage of total count
                 A         B        C        D         E       F
            +---------+---------+-------+---------+---------+-------
      Total |     119 |       0 |   0.0 |      50 |       0 |   0.0
            +---------+---------+-------+---------+---------+-------
        D:1 |      35 |       0 |   0.0 |      22 |       0 |   0.0
        D:2 |      34 |       0 |   0.0 |      16 |       0 |   0.0
        D:3 |      50 |       0 |   0.0 |      12 |       0 |   0.0
            +---------+---------+-------+---------+---------+-------

Illustrated notes

Table legend:
 A = Kills in this place as a percentage of kills in entire the game.
 B = Kills by you in this place as a percentage of kills by you in the entire game.
 C = Kills by friends in this place as a percentage of kills by friends in the entire game.
 D = Other kills in this place as a percentage of other kills in the entire game.
 E = Experience gained in this place as a percentage of experience gained in the entire game.
 F = Experience gained in this place divided by the number of levels of this place that you have seen.
                   A       B       C       D       E      F
               +-------+-------+-------+-------+-------+----------------------
         Total | 100.0 | 100.0 |   N/A |   N/A | 100.0 |  39.7
       Dungeon | 100.0 | 100.0 |   N/A |   N/A | 100.0 |  39.7
               +-------+-------+-------+-------+-------+----------------------

Table legend: (Time is in decaauts)
 A = Elapsed time spent in this place.
 B = Non-inter-level travel time spent in this place.
 C = Inter-level travel time spent in this place.
 D = Time resting spent in this place.
 E = Time spent auto-exploring this place.
 F = Levels seen in this place.
 G = Mean time per level.
                   A        B        C        D        E       F      G
               +--------+--------+--------+--------+--------+-----+--------+
         Total |   2593 |   2537 |     56 |    254 |   1734 |   3 |  864.3 |
       Dungeon |   2593 |   2537 |     56 |    254 |   1734 |   3 |  864.3 |
               +--------+--------+--------+--------+--------+-----+--------+

Top non-repeatable levels by time:
     D:2: 1075 daAuts
     D:1: 1013 daAuts
     D:3: 504 daAuts
